 Dungeon Crawl Stone Soup version 0.31-a0-662-g684573625c (webtiles) character file.

Game seed: 5271985777673552159

77 sampeng1 the Trooper (level 4, 48/48 HPs)
             Began as an Ogre Gladiator on Sept 1, 2023.
             Quit the game on level 3 of the Dungeon.
             The game lasted 00:04:42 (1425 turns).

sampeng1 the Trooper (Ogre Gladiator)               Turns: 1425, Time: 00:04:43

Health: 48/48      AC:  7    Str: 20    XL:     4   Next: 34%
Magic:  4/4        EV: 10    Int:  9    God:
Gold:   41         SH:  0    Dex: 10    Spells: 3/3 levels left

rFire   . . .        a - +0 war axe
rCold   . . .        (no shield)
rNeg    . . .        b - +0 robe
rPois   .            c - +0 hat
rElec   .            (no cloak)
rCorr   .            (gloves unavailable)
SInv    .            (boots unavailable)
Will    .....        (no amulet)
Stlth   +            n - +4 ring of protection
HPRegen 0.28/turn    (no ring)
MPRegen 0.09/turn

%: no passive effects
@: no status effects
A: large, unfitting armour, tough skin 1
a: no special abilities


You were on level 3 of the Dungeon.
You visited 1 branch of the dungeon, and saw 3 of its levels.

You collected 41 gold pieces.

Inventory:

Hand Weapons
 a - a +0 war axe (weapon)
Missiles
 d - 3 throwing nets (quivered)
 e - a large rock
Armour
 b - a +0 robe (worn)
 c - a +0 hat (worn)
 h - a +0 pair of gloves
 l - a +2 buckler
Jewellery
 n - a +4 ring of protection (left hand)
 o - a ring of protection from fire
Scrolls
 f - 2 scrolls of teleportation {unknown}
 g - 5 scrolls of identify {unknown}
 i - 2 scrolls of enchant armour {unknown}
 j - a scroll of amnesia {unknown}
 p - a scroll of vulnerability {unknown}
Potions
 k - 2 potions of curing {unknown}
 m - 2 potions of heal wounds {unknown}


   Skills:
 + Level 3.8 Fighting
 + Level 3.5 Axes
 + Level 2.7 Throwing
 + Level 3.2 Dodging


You had 3 spell levels left.
You didn't know any spells.
Your spell library contained the following spells:

 Spells                   Type           Power      Damage    Failure   Level
 Ozocubu's Armour         Ice            0%         N/A       77%         3
 Metabolic Englaciation   Hex/Ice        0%         N/A       100%        5
 Simulacrum               Ice/Necr       0%         N/A       100%        6


Dungeon Overview and Level Annotations

Branches:
Dungeon (3/15)

Altars:
Ashenzari


Innate Abilities, Weirdness & Mutations

You are too large for most types of armour.
You have tough skin. (AC +1)


Message History

You kill the orc!
The orc completely misses you. The orc barely misses you.
The orc attacks as it pursues you! The orc barely misses you.
You see here a quokka corpse.
You barely miss the orc.
The orc is heavily wounded.
The orc closely misses you.
You closely miss the orc.
The orc is heavily wounded.
The orc closely misses you.
You hit the orc.
The orc is almost dead.
The orc hits you with a +0 dagger. The orc hits you but does no damage.
You barely miss the orc.
The orc is almost dead.
The orc hits you but does no damage.
You barely miss the orc.
The orc is almost dead.
The orc hits you but does no damage.
You hit the orc.
You kill the orc!
Items here: ))) [[ †††.
Okay, then.
g - 5 scrolls labelled HOUPUI ACITY (gained 1)
There are no items here.
You see here a quokka corpse.
Things that are here:
a +0 flail; a +0 ring mail
Things that are here:
a +0 club; an orc corpse HP restored.
You see here a +0 spear.
The kobold shouts!
You hear an angry hiss.
You now have 41 gold pieces (gained 8).
You open the door.
Found a broken altar of Ashenzari.
There is an open door here.
There is a broken altar of Ashenzari here.
You kneel at the altar of Ashenzari.
Are you sure you want to abandon this character and quit the game? (Confirm with "yes".)

.... #...#########
....########.#.........#
...'........)...)..>..#
..#.........#.)......#
#####........##.†).†...#
##...........##........#
###..##'##..########+###
#.#..#...#..#K#
#.##.#.@.#.##.#
#..###...###....
##...#####.B.##.
###...lB..##r. ##.....##
# ##..### #.## #.


You could see a quokka, 2 giant cockroaches and a frilled lizard.

Vanquished Creatures
  An adder (D:2)
  2 worms (D:3)
  5 orcs (D:3)
  11 bats
  5 endoplasms
  3 giant cockroaches
  A goblin (D:1)
  3 hobgoblins (D:1)
  3 jackals
  A kobold (D:1)
  4 quokkas
  8 ball pythons
  4 rats
51 creatures vanquished.

Notes
Turn   | Place    | Note
-------+----------+-------------------------------------------
     0 | D:1      | sampeng1 the Ogre Gladiator began the quest for the Orb.
     0 | D:1      | Reached XP level 1. HP: 22/22 MP: 1/1
   111 | D:1      | Reached XP level 2. HP: 29/29 MP: 2/2
   486 | D:1      | Reached XP level 3. HP: 27/37 MP: 3/3
  1309 | D:3      | Reached XP level 4. HP: 34/48 MP: 4/4
  1421 | D:3      | Found a broken altar of Ashenzari.
  1425 | D:3      | Quit the game

Illustrated notes

Levels and vault maps discovered:
D:1:      dpeg_arrival_orchard, layout_basic, minmay_pentomino_t2
D:2:      layout_rooms, minmay_misc_feat_rugged, minmay_three_crescents
D:3:      layout_basic, nicolae_ashenzari_skybound, kennysheep_ying_yang

Skill      XL: |  1  2 |
---------------+-------+-----
Fighting       | 3 |  3.8
Dodging        | 3 |  3.2
Axes           | |  3.5
Throwing       | |  2.7

Action                     |  1- 3 |  4- 6 || total
---------------------------+-------+-------++-------
  Melee: War axe           |   117 |    24 ||   141
   Stab: Sleeping          |     1 |       ||     1
 Armour: Robe              |   114 |    23 ||   137
  Dodge: Dodged            |    90 |    24 ||   114

Table legend: (Time is in decaauts)
 A = Elapsed time spent in this place.
 B = Non-inter-level travel time spent in this place.
 C = Inter-level travel time spent in this place.
 D = Time resting spent in this place.
 E = Time spent auto-exploring this place.
 F = Levels seen in this place.
 G = Mean time per level.
                   A        B        C        D        E       F      G
               +--------+--------+--------+--------+--------+-----+--------+
         Total |   1471 |   1432 |     39 |      0 |    944 |   3 |  490.3 |
       Dungeon |   1471 |   1432 |     39 |      0 |    944 |   3 |  490.3 |
               +--------+--------+--------+--------+--------+-----+--------+

Top non-repeatable levels by time:
     D:1: 850 daAuts
     D:2: 483 daAuts
     D:3: 138 daAuts
